 Dungeon Crawl Stone Soup version bcrawl-1.18.1 (webtiles) character file.

Game seed: 12756385522188728331

837 panicbit the Chopper (level 7, -2/61 HPs)
             Began as a Minotaur Fighter on Nov 10, 2019.
             Slain by a bullfrog zombie (9 damage)
             ... on level 5 of the Dungeon.
             The game lasted 00:12:28 (3369 turns).

panicbit the Chopper (Minotaur Fighter)             Turns: 3369, Time: 00:12:28

Health: -2/61      AC:  5    Str: 21    XL:     7   Next: 66%
Magic:  6/6        EV:  8    Int:  5    God:
Gold:   308        SH: 10    Dex: 11    Spells: 6/6 levels left

rFire    . . .     SeeInvis .   a - +0 war axe
rCold    . . .     Gourm    .   c - +0 shield
rNeg     + . .     Faith    .   b - +0 scale mail
rPois    .         Spirit   .   i - +0 hat
rElec    .         Reflect  .   (no cloak)
rCorr    .         Harm     .   (no gloves)
MR       .....                  s - +0 pair of boots
Stlth    ..........             (no amulet)
HPRegen  0.20/turn              o - -3 ring of protection (curse)
MPRegen  0.10/turn              p - ring of positive energy

@: no status effects
A: retaliatory headbutt, horns 2
a: no special abilities


You were on level 5 of the Dungeon.
You were very hungry.

You visited 1 branch of the dungeon, and saw 5 of its levels.

You collected 308 gold pieces.

Inventory:

Hand Weapons
 a - a +0 war axe (weapon)
Armour
 b - a +0 scale mail (worn)
 c - a +0 shield (worn)
 i - a +0 hat (worn)
 s - a +0 pair of boots (worn)
Jewellery
 o - a cursed -3 ring of protection (left hand)
 p - a ring of positive energy (right hand)
 v - an uncursed ring of resist corrosion
Scrolls
 e - 6 scrolls of identify {unknown}
 m - a scroll of immolation {unknown}
 n - a scroll of enchant armour {unknown}
 r - a scroll of teleportation {unknown}
 t - 3 scrolls of magic mapping {unknown}
 x - a scroll of noise {unknown}
 y - a scroll of remove curse
Potions
 d - a potion of might
 g - 3 potions of curing {unknown}
 h - a potion of lignification {unknown}
 j - a potion of ambrosia {unknown}
 k - 3 potions of heal wounds {unknown}
 l - a potion of invisibility {unknown}
 q - a potion of flight {unknown}
 w - a potion of degeneration {unknown}
 z - a potion of haste {unknown}
Comestibles
 f - 10 rations {!d}


   Skills:
 + Level 5.1 Fighting
 + Level 7.7 Axes
 + Level 6.1 Armour
 + Level 1.3 Dodging
 + Level 0.5 Stealth
 + Level 4.9 Shields


You had 6 spell levels left.
You didn't know any spells.
Your spell library was empty.

Dungeon Overview and Level Annotations

Branches:
Dungeon (5/12)
 Temple: D:4-7

Altars:
Fedhas
Gozag
Trog
Vehumet


Innate Abilities, Weirdness & Mutations

You reflexively headbutt those who attack you in melee.
You have a pair of horns on your head.


Message History

The gnoll hits you with a +0 whip.
* * * LOW HITPOINT WARNING * * *
The gnoll hits you but does no damage. You block the bullfrog zombie's attack.
The bullfrog zombie barely misses you. The jackal barely misses you.
You furiously retaliate!
You headbutt the jackal.
You kill the jackal!
New annotation for D:5 (include '!' for warning):
Okay, then.
Unknown command.
The bullfrog zombie barely misses you. You block the jackal's attack.
The jackal bites you.
* * * LOW HITPOINT WARNING * * *
You block the jackal's attack. The gnoll hits you with a +0 flail.
* * * LOW HITPOINT WARNING * * *
The jackal barely misses you. You furiously retaliate!
You headbutt the jackal!
You kill the jackal!
You are feeling very hungry.
The bullfrog zombie hits you!
You die...

#........).....#
#..............####
#.................#
####################.#
#....................#
#..#...#...#...#...#.#
#_.....†...g.........#####++
#..#...#...#...#...#........
#...........gZ@.†...).......
####################$.......
#........... #...........
...............
...............
...............
...............
.).............


You could see 2 gnolls and a bullfrog zombie.

Vanquished Creatures
  Sigmund (D:5)
  An ice beast (D:3)
  A bullfrog (D:5)
  2 crimson imps (D:4)
  A gnoll shaman (D:5)
  A hound (D:4)
  3 bullfrog skeletons
  A centaur skeleton (D:4)
  4 worker ants
  A hound skeleton (D:3)
  4 adders
  4 gnolls
  2 oozes
  3 worms (D:2)
  5 dart slugs
  6 leopard geckos
  3 orcs (D:3)
  A giant cockroach (D:1)
  9 goblins
  9 hobgoblins
  3 jackals (D:5)
  A quokka (D:2)
  2 ball pythons
  7 bats
  3 frilled lizards
  4 kobolds
  9 rats
91 creatures vanquished.

Notes
Turn   | Place    | Note
-------+----------+-------------------------------------------
     0 | D:1      | panicbit the Minotaur Fighter began the quest for the Orb.
     0 | D:1      | Reached XP level 1. HP: 19/19 MP: 0/0
    99 | D:1      | Reached XP level 2. HP: 27/27 MP: 1/1
   406 | D:1      | Reached skill level 3 in Axes
   524 | D:1      | Reached XP level 3. HP: 29/33 MP: 2/2
   816 | D:2      | Reached skill level 4 in Axes
   819 | D:2      | Reached XP level 4. HP: 37/40 MP: 3/3
  1033 | D:2      | Found a bloodstained altar of Trog.
  1393 | D:3      | Found an opulent altar of Gozag.
  1542 | D:3      | Reached XP level 5. HP: 46/46 MP: 4/4
  1634 | D:3      | Reached skill level 5 in Axes
  1682 | D:3      | Noticed an ice beast
  1698 | D:3      | Killed an ice beast
  1976 | D:3      | Reached skill level 6 in Axes
  1976 | D:3      | Reached XP level 6. HP: 53/53 MP: 5/5
  2563 | D:4      | Reached skill level 5 in Armour
  2563 | D:4      | Reached skill level 1 in Dodging
  2698 | D:4      | Found a blossoming altar of Fedhas.
  3178 | D:5      | Entered Level 5 of the Dungeon
  3178 | D:5      | Found a blossoming altar of Fedhas.
  3227 | D:5      | Reached XP level 7. HP: 56/60 MP: 6/6
  3268 | D:5      | Reached skill level 7 in Axes
  3319 | D:5      | Noticed Sigmund
  3337 | D:5      | Killed Sigmund
  3337 | D:5      | Reached skill level 5 in Fighting
  3351 | D:5      | Found a radiant altar of Vehumet.
  3369 | D:5      | Slain by a bullfrog zombie

Skill      XL: |  1  2  3  4  5  6  7 |
---------------+----------------------+-----
Armour         | 4 5 6 |  6.1
Axes           | 3 4 6 7 |  7.7
Shields        | 4 |  4.9
Fighting       | 4 5 |  5.1
Dodging        | 1 |  1.3
Stealth        | |  0.5

Action                   |  1- 3 |  4- 6 |  7- 9 || total
-------------------------+-------+-------+-------++-------
Melee: War axe           |    67 |   114 |    26 ||   207
       Headbutt          |     5 |    21 |     8 ||    34
  Use: Scroll            |       |     1 |       ||     1
  Eat: Chunk             |       |     7 |       ||     7
Armor: Scale mail        |    34 |    33 |     8 ||    75
Dodge: Dodged            |    24 |    18 |    13 ||    55
Block: Shield            |    29 |    42 |    15 ||    86
